 Dungeon Crawl Stone Soup version 0.16-a0-3008-g8433e14 (webtiles) character file.

1150 Ratboiler the Reanimator (level 8, 0/52 HPs)
             Began as a Formicid Necromancer on Dec 7, 2014.
             Was a Follower of Zin.
             Slain by Prince Ribbit (13 damage)
             ... on level 5 of the Dungeon.
             The game lasted 00:29:23 (9578 turns).

Ratboiler the Reanimator (Formicid Necromancer)     Turns: 9578, Time: 00:29:24

Health: 0/52       AC:  7    Str: 13    XL:     8   Next: 65%
Magic:  16/16      EV:  9    Int: 15    God:    Zin [*.....]
Gold:   218        SH:  0    Dex: 13    Spells: 4 memorised, 2 levels left

rFire  . . .     SeeInvis +     a - +0 spear (venom)
rCold  . . .     Clarity  .     h - +1 ring mail
rNeg   . . .     SustAb   .     (no shield)
rPois  .         Gourm    .     (helmet unavailable)
rElec  .         Spirit   .     (no cloak)
rCorr  .         Warding  .     (no gloves)
rMut   .         Stasis   +     (no boots)
MR     .....                    (no amulet)
Stlth  +.........               (no ring)
                                (no ring)

@: not resistant to hostile enchantments, very unstealthy
A: permanent stasis, dig shafts and tunnels, four strong arms, antennae 3
a: Dig, Shaft Self, Recite, Renounce Religion


You were on level 5 of the Dungeon.
You worshipped Zin.
Zin was aware of your devotion.
You were not hungry.

You visited 2 branches of the dungeon, and saw 7 of its levels.

You collected 242 gold pieces.
You donated 24 gold pieces to Zin.

Inventory:

Hand weapons
 a - a +0 spear of venom (weapon)
 b - a +0 blowgun
 r - a +0 shortbow
 v - a +0 hunting sling
 x - a +2 whip of draining
Missiles
 e - a throwing net
 l - 22 stones (quivered)
 o - 5 curare-tipped needles
 u - 10 poisoned needles
 y - 28 arrows
Armour
 h - a +1 ring mail (worn)
Jewellery
 f - an uncursed amulet of guardian spirit
Magical devices
 t - a wand of lightning (9)
 w - a wand of magic darts (11)
Scrolls
 i - a scroll of remove curse
 j - a scroll of holy word {unknown}
 m - a scroll of fear
 q - a scroll of blinking {unknown}
Potions
 d - 2 potions of curing
 k - 3 potions of brilliance
 s - 3 potions of restore abilities
Comestibles
 c - 2 bread rations
 g - 2 beef jerkies
 n - 2 meat rations


   Skills:
 - Level 1.4 Maces & Flails
 + Level 4.0 Polearms
 - Level 5.0 Armour
 - Level 1.7 Dodging
 - Level 2.4 Stealth
 - Level 2.1 Spellcasting
 - Level 8.1 Necromancy


You had 2 spell levels left.
You knew the following spells:

 Your Spells              Type           Power        Failure   Level  Hunger
a - Pain                  Necr           ####         1%          1    #......
b - Animate Skeleton      Necr           N/A          1%          1    #......
c - Vampiric Draining     Necr           ####......   3%          3    ###....
d - Animate Dead          Necr           N/A          12%         4    #####..


Dungeon Overview and Level Annotations

Branches:
Dungeon (6/15)             Temple (1/1) D:6

Altars:
Ashenzari
Cheibriados
Elyvilon
Fedhas
Gozag
Kikubaaqudgha
Makhleb
Nemelex Xobeh
Okawaru
Qazlal
Ru
Trog
Vehumet
Xom
Yredelemnul
Zin
The Shining One

Annotations:
D:4 Ratboiler's ghost, average VSWn
D:5 Prince Ribbit


Innate Abilities, Weirdness & Mutations

You are under a permanent stasis effect.
You can dig through walls and to a lower floor.
Your four strong arms can wield two-handed weapons with a shield.
You have a pair of large antennae on your head (SInv).


Message History

Prince Ribbit hits you.
* * * LOW HITPOINT WARNING * * *
Prince Ribbit closely misses you.
Things that are here:
a giant club; an ogre corpse Prince Ribbit hits you.
* * * LOW HITPOINT WARNING * * *
There is a stone staircase leading down, spattered with blood here.
Things that are here:
a giant club; an ogre corpse Prince Ribbit hits you but does no damage.
Prince Ribbit hits you but does no damage.
There is a stone staircase leading down, spattered with blood here.
Drink which item? (? for menu, Esc to quit)
You feel better.
Prince Ribbit hits you but does no damage.
Prince Ribbit momentarily phases out as your attack passes through him.
Prince Ribbit lets out a mournful croak.
Prince Ribbit hits you!
You die...

#...........#
##.#.#.#.#.#######
#................#
##.#.#.#.#.#.....#
#................#
##.#.#.#.#.##.####
#...........###
###.#.#.#.#.###
#.@.(.........##
#)#F#.#.#.#.#..#
#..............##
#.#.#.#.#.#.###Z###
##.#.#####..##
##{.# #.......###.#
##ZF ######..# #.#
##. ##.###.# ##
##..##..##


You could see Prince Ribbit.

Vanquished Creatures
  An orc warrior (D:6)
  A centaur (D:6)
  An ogre (D:5)
  A phantom (D:3)
  Duvessa (D:5)
  2 scorpions
  Dowan (D:4)
  A centaur skeleton (D:4)
  2 orc priests
  A jelly (D:5)
  4 hounds
  3 worker ants
  An orc wizard (D:5)
  A worker ant zombie (D:4)
  Robin (D:1)
  7 adders
  A gnoll (D:1)
  2 worms (D:2)
  A shadow imp (D:5)
  An adder skeleton (D:4)
  A giant gecko (D:4)
  4 oozes
  12 orcs
  3 ball pythons
  8 bats
  A bat skeleton (D:6)
  14 hobgoblins
  4 jackals (D:3)
  6 kobolds
  2 quokkas (D:3)
  4 giant cockroaches
  A giant gecko skeleton (D:4)
  5 giant newts
  A giant spore (D:5)
  20 goblins
  A quokka zombie (D:6)
  11 rats
  6 ballistomycetes (D:5)
138 creatures vanquished.

Vanquished Creatures (collateral kills)
  A scorpion (D:3)
  A centaur skeleton (D:4)
  An adder (D:1)
  A worm (D:3)
  An adder skeleton (D:4)
  2 orcs (D:5)
  A bat (D:3)
  A goblin (D:2)
  2 jackals (D:3)
  A quokka (D:3)
  A giant newt (D:3)
  2 kobolds
  A rat (D:1)
16 creatures vanquished.

Vanquished Creatures (others)
  A hound skeleton (D:4)
  2 worker ant zombies
  A scorpion zombie (D:5)
  An elf skeleton (D:5)
  An orc zombie (D:5)
  3 bat skeletons
  A bat zombie (D:6)
  A jackal (D:5)
  3 giant newt skeletons
  3 goblin skeletons
  5 hobgoblin skeletons
  3 jackal skeletons (D:3)
  2 kobold skeletons
  4 orc skeletons
  5 rat skeletons
36 creatures vanquished.

Grand Total: 190 creatures vanquished

Notes
Turn   | Place    | Note
--------------------------------------------------------------
     0 | D:1      | Ratboiler, the Formicid Necromancer, began the quest for the Orb.
     0 | D:1      | Reached XP level 1. HP: 13/13 MP: 3/3
     2 | D:1      | Learned a level 1 spell: Animate Skeleton
   610 | D:1      | Reached XP level 2. HP: 8/19 MP: 1/5
  1221 | D:1      | Found a snail-covered altar of Cheibriados.
  1309 | D:1      | Reached XP level 3. HP: 24/24 MP: 5/7
  1506 | D:1      | Learned a level 3 spell: Vampiric Draining
  1518 | D:2      | Noticed Robin
  1522 | D:1      | Reached skill level 5 in Necromancy
  2011 | D:2      | Reached XP level 4. HP: 11/30 MP: 3/8
  2604 | D:1      | Killed Robin
  3289 | D:1      | Reached skill level 6 in Necromancy
  3289 | D:1      | Reached XP level 5. HP: 15/35 MP: 0/11
  4957 | D:4      | Noticed Ratboiler's ghost (average VSWn)
  5094 | D:4      | Reached skill level 7 in Necromancy
  5094 | D:4      | Reached XP level 6. HP: 17/41 MP: 1/12
  6117 | D:4      | Reached XP level 7. HP: 40/46 MP: 2/14
  6129 | D:3      | Learned a level 4 spell: Animate Dead
  6195 | D:4      | Noticed a phantom
  6468 | D:3      | Killed a phantom
  6468 | D:3      | Reached skill level 8 in Necromancy
  6787 | D:4      | Reached skill level 1 in Armour
  7064 | D:5      | Entered Level 5 of the Dungeon
  8106 | D:5      | Noticed Dowan
  8109 | D:5      | Noticed Duvessa
  8135 | D:5      | Killed Duvessa
  8135 | D:5      | Reached XP level 8. HP: 35/52 MP: 8/16
  8298 | D:5      | Reached skill level 5 in Armour
  8466 | D:6      | Found a staircase to the Ecumenical Temple.
  8468 | D:6      | Noticed Prince Ribbit
  8501 | D:6      | Reached skill level 1 in Maces & Flails
  8576 | D:5      | Your ally Duvessa died
  8613 | Temple   | Entered the Ecumenical Temple
  8708 | Temple   | Became a worshipper of Zin the Law-Giver
  8708 | Temple   | Acquired Zin's first power
  8749 | D:6      | HP: 2/52 [orc warrior/long sword (13)]
  8750 | D:6      | Zin protects you from harm!
  8754 | D:6      | Zin protects you from harm!
  9130 | D:6      | Found a stormy altar of Qazlal.
  9133 | D:6      | Found a blossoming altar of Fedhas.
  9362 | D:4      | Killed Dowan
  9572 | D:5      | HP: 2/52 [Prince Ribbit (4)]
  9578 | D:5      | Slain by Prince Ribbit

Action                   |  1- 3 |  4- 6 |  7- 9 || total
-------------------------+-------+-------+-------++-------
Melee: Dagger            |     8 |       |       ||     8
       Whip              |    58 |    18 |     7 ||    83
       Quarterstaff      |       |   114 |   108 ||   222
       Spear             |       |       |    72 ||    72
 Fire: Hunting sling     |     5 |    11 |       ||    16
       Blowgun           |       |       |     3 ||     3
Throw: Stone             |       |       |     3 ||     3
 Cast: Pain              |    33 |    79 |    73 ||   185
       Animate Skeleton  |    11 |    27 |     6 ||    44
       Vampiric Draining |       |     5 |     6 ||    11
       Animate Dead      |       |       |     6 ||     6
 Abil: Dig               |       |     1 |       ||     1
Evoke: Wand              |       |     4 |       ||     4
  Use: Scroll            |       |     7 |     7 ||    14
       Potion            |       |     1 |     2 ||     3
 Stab: Sleeping          |     1 |       |       ||     1
  Eat: Chunk             |     4 |    15 |     6 ||    25
       Fruit             |       |       |     4 ||     4
       Bread ration      |       |       |     1 ||     1
       Pizza             |       |       |     1 ||     1
